 Dungeon Crawl Stone Soup version 0.32-a0-314-g526f7d4993 (webtiles) character file.

Game seed: 17895218724364262953

682 ezpacito the Chopper (level 7, -12/52 HPs)
             Began as a Demonspawn Gladiator on Feb 15, 2024.
             Was an Initiate of Beogh.
             Mangled by an ogre
             ... wielding a +0 giant club
              (19 damage)
             ... on level 5 of the Dungeon.
             The game lasted 00:05:34 (3493 turns).

ezpacito the Chopper (Demonspawn Gladiator)         Turns: 3493, Time: 00:05:34

Health: -12/52     AC: 13    Str: 17    XL:     7   Next: 34%
Magic:  9/9        EV: 10    Int:  8    God:    Beogh [......]
Gold:   203        SH:  5    Dex: 20    Spells: 9/9 levels left

rFire   . . .        a - +0 war axe
rCold   . . .        (no shield)
rNeg    . . .        s - +0 chain mail
rPois   .            c - +0 helmet
rElec   .            (no cloak)
rCorr   .            (no gloves)
SInv    .            (no boots)
Will    .....        f - amulet of reflection Stlth
                     i - +4 ring of protection
HPRegen 0.28/turn    n - +6 ring of dexterity
MPRegen 0.11/turn

%: reflection
@: no status effects
A: hooves 1, powered by pain 1, sturdy frame 1
a: Renounce Religion


You were on level 5 of the Dungeon.
You worshipped Beogh.
Beogh was noncommittal.
You visited 1 branch of the dungeon, and saw 5 of its levels.

You collected 203 gold pieces.

Inventory:

Hand Weapons
 a - a +0 war axe (weapon)
Missiles
 d - 3 throwing nets (quivered)
 e - a javelin
 h - 5 boomerangs
Armour
 c - a +0 helmet (worn)
 s - a +0 chain mail (worn)
 x - a +0 cloak
Jewellery
 f - an amulet of reflection (around neck)
 g - a +6 ring of intelligence
 i - a +4 ring of protection (left hand)
 n - a +6 ring of dexterity (right hand)
 q - a ring of ice
 v - a ring of resist corrosion
Talismans
 r - a serpent talisman
Wands
 w - a wand of polymorph (4)
Scrolls
 j - a scroll of fear
 l - a scroll of revelation {unknown}
 m - 2 scrolls of fog
 o - a scroll of poison {unknown}
Potions
 b - a potion of mutation
 k - a potion of curing
 p - 2 potions of lignification {unknown}
 t - a potion of attraction {unknown}
 u - a potion of resistance


   Skills:
 * Level 3.1 Fighting
 * Level 5.2 Axes
 * Level 2.3 Throwing
 * Level 2.0 Armour
 + Level 3.4 Dodging
 * Level 1.9 Stealth
 * Level 1.3 Shields
 * Level 1.1 Unarmed Combat
 * Level 1.7 Spellcasting
 * Level 1.7 Invocations


You had 9 spell levels left.
You didn't know any spells.
Your spell library contained the following spells:

 Spells                   Type           Power      Damage    Failure   Level
 Call Canine Familiar     Summ           0%         N/A       100%        3
 Sigil of Binding         Hex            0%         N/A       100%        3
 Dimensional Bullseye     Hex/Tloc       0%         N/A       100%        4


Dungeon Overview and Level Annotations

Branches:
Dungeon (5/15)
 Temple: D:4-7

Altars:
Okawaru
Xom

Shops:
D:1 [*!*   D:2 !   D:4 :

Annotations:
D:3 2 transporters, THTSBRD's ghost, amateur FoHs


Innate Abilities, Weirdness & Mutations

You have large cloven feet.
You sometimes gain a little power by taking damage.
Your movements are slightly less encumbered by armour. (ER -2)


Message History

Found an escape hatch in the floor.
Okay, then.
Search for what [Enter for "armor", or ? for help]? plate Unknown command.
There is an escape hatch in the floor here.
w - a wand of polymorph (4)
There is a stone staircase leading up here.
Found a whip.
An ogre comes into view. It is wielding a +0 giant club.
The ogre shouts!
You see here a +0 cloak.
Throw: 3 throwing nets
Press: ? - help, Q - select action, (/) - cycle Shift-Dir - straight line, f - ogre
Aim: an ogre, wielding a +0 giant club (76% to hit)
Okay, then.
x - a +0 cloak The ogre hits you with a +0 giant club!
You hit the ogre. You kick the ogre.
The ogre is moderately wounded.
The ogre hits you with a +0 giant club!!
You slash the ogre! You kick the ogre.
The ogre is severely wounded.
You hit the ogre.
The ogre is almost dead.
The ogre hits you with a +0 giant club.
You hit the ogre.
The ogre is almost dead.
The ogre completely misses you.
You hit the ogre.
The ogre is almost dead.
The ogre hits you with a +0 giant club.
* * * LOW HITPOINT WARNING * * *
You hit the ogre but do no damage. Your kick misses the ogre.
The ogre is almost dead.
The ogre hits you with a +0 giant club!
* * * LOW HITPOINT WARNING * * *
You barely miss the ogre.
The ogre is almost dead.
The ogre hits you with a +0 giant club!!
You die...

......#..........)##.......#.#.##
......##.#.......................
...####....................#.#.#.
...# #.........######.....#.#.#.
...# #.##.......#<..#.....#.....
...# #. #.......#...#.....###.#.
..## #. #.#...#.#†..#......)#.#.
### #......#...###.#...###.#.#.
###.#.#..@# #.#.........#.
...#....O###.#..##.......
#...........#.#..##.###...
#.........#.#....##.# #.##
..........#....##.###...
........#.#.#####.#.....
.......##...#####.#.####
####......>.......#.#
#)##############.#


You could see an ogre.

Vanquished Creatures
  A black bear (D:5)
  An ogre (D:5)
  A phantom (D:5)
  A scorpion (D:5)
  A bombardier beetle (D:4)
  A hound (D:5)
  2 orc priests (D:5)
  2 iguanas
  An orc wizard (D:5)
  4 adders
  A dart slug (D:4)
  A ribbon worm (D:3)
  12 orcs
  5 endoplasms
  3 giant cockroaches
  4 goblins
  10 hobgoblins
  11 jackals
  2 quokkas (D:1)
  2 ball pythons
  3 bats
  4 frilled lizards
  8 kobolds
  3 rats
84 creatures vanquished.

Notes
Turn   | Place    | Note
-------+----------+-------------------------------------------
     0 | D:1      | ezpacito the Demonspawn Gladiator began the quest for the
                  | Orb.
     0 | D:1      | Reached XP level 1. HP: 16/16 MP: 1/1
   229 | D:1      | Reached skill level 3 in Axes
   229 | D:1      | Gained mutation: Your movements are slightly less
                  | encumbered by armour. (ER -2) [demonic ancestry]
   229 | D:1      | Reached XP level 2. HP: 22/22 MP: 2/2
   268 | D:1      | Found Qithecat's Distillery.
   275 | D:1      | Found Gunyodi's Assorted Antiques.
   276 | D:1      | Found Ivoirph's Assorted Antiques.
   532 | D:1      | Gained mutation: You have large cloven feet. [demonic
                  | ancestry]
   532 | D:1      | Reached XP level 3. HP: 26/27 MP: 3/3
   537 | D:1      | Found Yrghyabry's Antique Armour Emporium.
   787 | D:2      | Found Omuimpuv's Distillery.
  1098 | D:2      | Gained mutation: You sometimes gain a little power by
                  | taking damage. [demonic ancestry]
  1098 | D:2      | Reached XP level 4. HP: 33/33 MP: 4/4
  1485 | D:3      | Found a transporter.
  1485 | D:3      | Noticed THTSBRD's ghost (amateur FoHs)
  1485 | D:3      | Noticed a small abomination
  1485 | D:3      | Noticed a kobold brigand
  1638 | D:3      | Found a transporter.
  1659 | D:3      | Reached skill level 1 in Armour
  2011 | D:4      | Reached skill level 4 in Axes
  2016 | D:4      | Reached skill level 1 in Stealth
  2016 | D:4      | Reached XP level 5. HP: 32/39 MP: 6/6
  2074 | D:4      | Reached skill level 1 in Spellcasting
  2231 | D:4      | Noticed Blork the orc
  2238 | D:4      | Became a worshipper of Beogh the Shepherd
  2403 | D:4      | Found Desuora's Self-Published Books.
  2515 | D:4      | Found an iron altar of Okawaru.
  2572 | D:4      | Found a shimmering altar of Xom.
  2699 | D:5      | Entered Level 5 of the Dungeon
  2707 | D:5      | Reached skill level 1 in Unarmed Combat
  2775 | D:5      | Reached XP level 6. HP: 43/46 MP: 7/7
  2856 | D:5      | Reached skill level 1 in Invocations
  3008 | D:5      | Reached skill level 1 in Shields
  3044 | D:5      | Reached XP level 7. HP: 37/52 MP: 9/9
  3106 | D:5      | Reached skill level 5 in Axes
  3493 | D:5      | Mangled by an ogre

Illustrated notes

Levels and vault maps discovered:
D:1:      roderic_chinese_lattice_arrival, layout_basic, serial_shops,
          nicolae_shop_temple_entry_statues_fountains, shop, shop, shop
D:2:      layout_basic, serial_shops, shop
D:3:      layout_loops_ring, gammafunk_ghost_abyssal_escape, solitary_fountain,
          minmay_goblin_outpost
D:4:      layout_rooms, kennysheep_mini, okawaru_trees_1,
          chequers_serial_rivers_marsh, nicolae_custom_books,
          chequers_serial_rivers_small_b, uniq_blork_the_orc
D:5:      layout_basic

Skill      XL: |  1  2  3  4  5  6  7 |
---------------+----------------------+-----
Axes           | 3 4 5 |  5.2
Throwing       | 2 |  2.3
Dodging        | 3 |  3.4
Armour         | 1 2 |  2.0
Stealth        | 1 |  1.9
Spellcasting   | 1 |  1.7
Unarmed Combat | 1 |  1.1
Invocations    | 1 |  1.7
Shields        | 1 |  1.3
Fighting       | 3 |  3.1

Action                     |  1- 3 |  4- 6 |  7- 9 || total
---------------------------+-------+-------+-------++-------
  Melee: War axe           |    75 |   138 |    31 ||   244
         Kick              |     7 |    30 |     9 ||    46
 Invoke: Convert to Beogh  |       |     1 |       ||     1
    Use: Scroll            |     3 |     3 |       ||     6
         Potion            |       |     3 |       ||     3
   Stab: Sleeping          |     3 |     3 |       ||     6
 Armour: Leather armour    |    17 |       |       ||    17
         Ring mail         |    23 |    61 |       ||    84
         Chain mail        |       |    45 |    27 ||    72
  Dodge: Dodged            |    71 |   135 |    22 ||   228
  Block: Other             |       |    39 |     4 ||    43
         Reflection        |       |     2 |       ||     2

Table legend: (Time is in decaauts)
 A = Elapsed time spent in this place.
 B = Non-inter-level travel time spent in this place.
 C = Inter-level travel time spent in this place.
 D = Time resting spent in this place.
 E = Time spent auto-exploring this place.
 F = Levels seen in this place.
 G = Mean time per level.
                   A        B        C        D        E       F      G
               +--------+--------+--------+--------+--------+-----+--------+
         Total |   3570 |   3479 |     91 |      0 |   2743 |   5 |  714.0 |
       Dungeon |   3570 |   3479 |     91 |      0 |   2743 |   5 |  714.0 |
               +--------+--------+--------+--------+--------+-----+--------+

Top non-repeatable levels by time:
     D:5: 810 daAuts
     D:2: 746 daAuts
     D:4: 718 daAuts
     D:1: 663 daAuts
     D:3: 632 daAuts
